 Dungeon Sprint DCSS version 0.31-a0-271-gb88eb75e06 (webtiles) character file.

Game seed: 8845875579249746545

128 dialectric the Slasher (level 4, -8/52 HPs)
             Began as a Demonspawn Gladiator on July 14, 2023.
             Mangled by a neqoxec (10 damage)
             ... in the Dungeon (Sprint II: "The Violet Keep of Menkaure").
             The game lasted 00:00:16 (12 turns).

dialectric the Slasher (Demonspawn Gladiator)         Turns: 12, Time: 00:00:16

Health: -8/52      AC:  4    Str: 16    XL:     4   Next: 86%
Magic:  4/4        EV: 18    Int: 10    God:
Gold:   0          SH:  0    Dex: 14    Spells: 3/3 levels left

rFire   . . .        a - +0 long sword
rCold   . . .        (no shield)
rNeg    . . .        b - +0 leather armour
rPois   .            c - +0 helmet
rElec   .            (no cloak)
rCorr   .            (no gloves)
SInv    .            (no boots)
Will    .....        (no amulet) Stlth
                     (no ring)
HPRegen 0.28/turn    (no ring)
MPRegen 0.09/turn

%: no teleportation
@: agile, berserking (expiring), very quick
A: powered by pain 1
a: no special abilities


You were in the Dungeon.
You visited 1 branch

Inventory:

Hand Weapons
 a - a +0 long sword (weapon)
Missiles
 d - 3 throwing nets (quivered)
 e - a javelin
Armour
 b - a +0 leather armour (worn)
 c - a +0 helmet (worn)
Scrolls
 k - a scroll of blinking
Potions
 f - a potion of curing
 g - a potion of heal wounds
 h - a potion of haste
 i - 2 potions of magic


   Skills:
 + Level 3.2 Fighting
 * Level 7.6 Long Blades
 - Level 1.7 Throwing
 + Level 5.4 Dodging


You had 3 spell levels left.
You didn't know any spells.
Your spell library was empty.

Dungeon Overview and Level Annotations

Branches:
Dungeon (1/1)

Altars:


Innate Abilities, Weirdness & Mutations

You sometimes gain a little power by taking damage.


Message History

You closely miss the neqoxec.
The neqoxec is heavily wounded.
The neqoxec hits you!
You closely miss the neqoxec.
The neqoxec is moderately wounded.
The neqoxec barely misses you.
You closely miss the neqoxec.
The neqoxec is moderately wounded.
The neqoxec hits you!
You closely miss the neqoxec.
The neqoxec is moderately wounded.
The neqoxec hits you.
You slash the neqoxec!
The neqoxec is almost dead.
The neqoxec gestures at you.
Something tries to feed on your intellect!
The neqoxec gestures at you.
Something tries to feed on your intellect!
The neqoxec hits you.
* * * LOW HITPOINT WARNING * * *
You slash the neqoxec!
You kill the neqoxec!
Your Fighting skill increases to level 3!
Your Long Blades skill gained 5 levels and is now at level 7!
Your Dodging skill gained 3 levels and is now at level 5!
You have reached level 2!
Your demonic ancestry asserts itself...
You feel energised by your suffering.
You have reached level 3!
Your experience leads to an increase in your attributes!
Increase (S)trength, (I)ntelligence, or (D)exterity?
You feel stronger. x2
You have reached level 4!
You feel clever. The neqoxec barely misses you. The neqoxec hits you!
* * * LOW HITPOINT WARNING * * *
You focus on the pain.
You feel agile all of a sudden. The neqoxec hits you!
You die...

## #.#
#+#
#.3##.##
#3@.<.+
#3##.##
#.# #+#
##


You could see 3 neqoxecs.

Vanquished Creatures
  A neqoxec (D)
1 creature vanquished.

Notes
Turn   | Place    | Note
-------+----------+-------------------------------------------
     0 | D        | dialectric the Demonspawn Gladiator began the quest for the
                  | Orb.
     0 | D        | Reached XP level 1. HP: 16/16 MP: 1/1
     1 | D        | Noticed a neqoxec
     1 | D        | Noticed a neqoxec
     1 | D        | Noticed a neqoxec
     1 | D        | Noticed a neqoxec
    11 | D        | Killed a neqoxec
    12 | D        | Reached skill level 7 in Long Blades
    12 | D        | Reached skill level 5 in Dodging
    12 | D        | Gained mutation: You sometimes gain a little power by
                  | taking damage. [demonic ancestry]
    12 | D        | Reached XP level 2. HP: 10/24 MP: 2/2
    12 | D        | Reached XP level 3. HP: 12/29 MP: 3/3
    12 | D        | Reached XP level 4. HP: 14/35 MP: 4/4
    12 | D        | HP: 2/52 [neqoxec (12)]
    12 | D        | Mangled by a neqoxec

Illustrated notes

Levels and vault maps discovered:
D:        the_violet_keep_of_menkaure [sprint2_stairs_cluster_1,
          sprint2_shoproom, sprint2_temple, sprint2_basic_supplies,
          sprint2_obstacle_7, sprint2_obstacle_3, sprint2_obstacle_6,
          sprint2_obstacle_4, sprint2_obstacle_2, sprint2_timed_cluster_1,
          sprint2_smallroom_cluster_1, sprint2_smallroom_final_cluster_1,
          sprint2_transparent_cluster_1, sprint2_second_timed_cluster_1,
          sprint2_sniper_area_1, sprint2_heavy_combat_area_1,
          sprint2_mutation_trap_area_1, sprint2_forest_area_1,
          sprint2_light_combat_area_1, sprint2_behind_water_1,
          sprint2_near_end_vault_1]

Skill      XL: |  1 |
---------------+----+-----
Fighting       | 3 |  3.2
Long Blades    | 7 |  7.6
Dodging        | 5 |  5.4
Throwing       | |  1.7

Action                     |  1- 3 |  4- 6 || total
---------------------------+-------+-------++-------
  Melee: Long sword        |     9 |       ||     9
    Use: Potion            |     1 |       ||     1
  Dodge: Dodged            |     3 |     1 ||     4

Table legend: (Time is in decaauts)
 A = Elapsed time spent in this place.
 B = Non-inter-level travel time spent in this place.
 C = Inter-level travel time spent in this place.
 D = Time resting spent in this place.
 E = Time spent auto-exploring this place.
 F = Levels seen in this place.
 G = Mean time per level.
                   A        B        C        D        E       F      G
               +--------+--------+--------+--------+--------+-----+--------+
         Total |     10 |     10 |      0 |      0 |      0 |   1 |   10.0 |
       Dungeon |     10 |     10 |      0 |      0 |      0 |   1 |   10.0 |
               +--------+--------+--------+--------+--------+-----+--------+

Top non-repeatable levels by time:
       D: 10 daAuts
